 Dungeon Crawl Stone Soup version 0.30-a0-509-gd016549fea (webtiles) character file.

Game seed: 17090388768395802866

793 kae the Conjurer (level 7, -15/36 HPs)
             Began as a Tengu Fire Elementalist on Dec 22, 2022.
             Was an Initiate of Vehumet.
             Demolished by an orc
             ... wielding a +2 morningstar of protection
              (17 damage)
             ... on level 5 of the Dungeon.
             The game lasted 00:07:54 (5769 turns).

kae the Conjurer (Tengu Fire Elementalist)          Turns: 5769, Time: 00:07:54

Health: -15/36     AC:  2    Str:  9    XL:     7   Next: 88%
Magic:  11/13      EV: 14    Int: 17    God:    Vehumet [......]
Gold:   237        SH:  0    Dex: 14    Spells: 0/13 levels left

rFire   + . .      SeeInvis +    i - +3 short sword (speed)
rCold   . . .      Faith    .    (no shield)
rNeg    . . .      Spirit   .    a - +0 robe
rPois   .          Reflect  .    (helmet restricted)
rElec   .          Harm     .    (no cloak)
rCorr   .          Rampage  .    (no gloves)
Will    .....                    (boots unavailable)
Stlth   ++........               r - amulet of Vitality {RegenMP++ Regen++}
HPRegen 1.86/turn                F - ring of protection from fire
MPRegen 0.93/turn                v - ring of see invisible

@: flying quickly and evasively, quick
A: beak, talons 3, nimble flight
a: Renounce Religion


You were on level 5 of the Dungeon.
You worshipped Vehumet.
Vehumet was noncommittal.
You visited 2 branches of the dungeon, and saw 6 of its levels.
You also visited: Sewer.

You collected 237 gold pieces.


Innate Abilities, Weirdness & Mutations

You have a beak for a mouth.
You have claws for feet.
Your magical nature lets you fly swiftly and evasively.


   Skills:
 - Level 2.1 Dodging
 - Level 2.0 Stealth
 + Level 3.9 Spellcasting
 * Level 7.1 Conjurations
 * Level 6.7 Fire Magic


You couldn't memorise any spells.
You knew the following spells:

 Your Spells              Type           Power      Damage    Failure   Level
a - Foxfire               Conj/Fire      100%       2x1d9     1%          1
b - Scorch                Fire           52%        2d7       1%          2
c - Inner Flame           Hex/Fire       14%        N/A       12%         3
d - Kindle Blastsparks    Fire/Tloc/Air  22%        2d11      19%         3
e - Flame Wave            Conj/Fire      26%        2d8       9%          4

Your spell library contained the following spells:

 Spells                   Type           Power      Damage    Failure   Level
 Hailstorm                Conj/Ice       15%        3d5       11%         3
 Freeze                   Ice            12%        1d3       16%         1
 Ignite Poison            Fire/Tmut/Pois 11%        N/A       19%         3
 Frozen Ramparts          Ice            6%         1d1       43%         3
 Freezing Cloud           Conj/Ice/Air   5%         6-21      86%         5

Inventory:

Hand Weapons
 i - a +3 short sword of speed (weapon)
   (You took it off an orc on level 2 of the Dungeon)
 k - a +3 dagger
   (You took it off a kobold on level 1 of the Dungeon)
 o - a +2 dagger of venom
   (You took it off an orc on level 4 of the Dungeon)
Missiles
 b - 15 poisoned darts
 c - 48 stones
 d - 5 silver boomerangs
 l - 2 datura-tipped darts
 m - 3 boomerangs
Armour
 a - a +0 robe (worn)
Jewellery
 g - an amulet of regeneration
   (You found it on level 3 of the Dungeon)
 r - the amulet of Vitality (around neck) {RegenMP++ Regen++}
   (You acquired it on level 4 of the Dungeon)

   [amulet of magic regeneration]

   It increases your rate of magic regeneration.
   Regen:     It increases your rate of health regeneration.
 v - a ring of see invisible (right hand)
   (You found it on level 2 of the Dungeon)
 F - a ring of protection from fire (left hand)
   (You found it on level 2 of the Dungeon)
Scrolls
 j - 4 scrolls of identify {@r1}
 n - 2 scrolls of teleportation {@r4}
 s - a scroll of vulnerability {!r!r}
Potions
 e - 2 potions of heal wounds {@q2}
 f - a potion of cancellation
 h - 3 potions of curing {@q1}
 p - a potion of lignification {unknown}
 q - a potion of attraction {unknown}

Dungeon Overview and Level Annotations

Branches:
Dungeon (5/15) Zot: 24931  Temple (1/1) D:4 Zot: 5792   Sewer (visited)

Altars:
Ashenzari
Cheibriados
Dithmenos
Elyvilon
Fedhas
Gozag
Hepliaklqana
Kikubaaqudgha
Makhleb
Nemelex Xobeh
Okawaru
Qazlal
Ru
Sif Muna
Trog
Uskayaw
Vehumet
Wu Jian
Xom
Yredelemnul
Zin
The Shining One

Shops:
D:3

* #.# #..# ######.##
#..# #....?..# #..#
##
#<####..#####..###.
#.####>...........รท
#.##...........###.
#.##.##.#####.## #.
#.##.##.# #.# #.
#.@o)...# #.####.
####)#### #.#.... #
#.#.##. ....... ####
##


You could see an orc (berserk).


Message History

You can't see any susceptible monsters within range! (Use Z to cast anyway.)
You start waiting.
Done waiting.
(D) Dungeon (T) Temple
Where to? (Enter - D:5, ? - help)
There is a stone staircase leading down here.
You fly downwards.
There is a stone staircase leading up, spattered with blood here.
Things that are here:
an iguana skeleton; a hound skeleton
Found an escape hatch in the floor.
You now have 229 gold pieces (gained 17).
Found a stone staircase leading up.
You now have 237 gold pieces (gained 8).
You see here a scroll of amnesia.
There is a stone staircase leading up here.
An orc comes into view. It is wielding a +0 club.
An orc is nearby!
An orc is nearby!
An orc is nearby!
Casting: Scorch (safe; 1% risk of failure)
Confirm with . or Enter, or press ? or * to list all spells.
Flames lash the orc.
You kill the orc!
Vehumet accepts your kill.
You hear a shout!
An adder comes into view.
Casting: Scorch (safe; 1% risk of failure)
Confirm with . or Enter, or press ? or * to list all spells.
Flames lash the adder.
The adder's fire resistance burns away.
You hear a shout!
The adder barely misses you. The adder completely misses you.
The adder bites you.
An adder is nearby!
Casting: Scorch (safe; 1% risk of failure)
Confirm with . or Enter, or press ? or * to list all spells.
Flames lash the adder.
The adder is burned terribly!
You kill the adder!
Vehumet accepts your kill.
An orc comes into view. It is wielding a +0 club.
An orc comes into view.
It is wielding a +2 morningstar of protection and wearing an orb of wrath.
There are monsters nearby!
Casting: Scorch (safe; 1% risk of failure)
Confirm with . or Enter, or press ? or * to list all spells.
Flames lash the orc.
You kill the orc!
Vehumet accepts your kill. The orc misses you.
An orc comes into view. It is wielding a +0 war axe.
There are monsters nearby!
Casting: Scorch (safe; 1% risk of failure)
Confirm with . or Enter, or press ? or * to list all spells.
You miscast Scorch.
You are very lightly contaminated with residual magic.
Nothing appears to happen.
The orc hits you with a +2 morningstar of protection. ๐Ÿ˜• HP[-3] MP[-2]
You take 3 damage, and now have 33/36 hp.
You lost 2 mp, and now have 11/13 mp.
Casting: Scorch (safe; 1% risk of failure)
Confirm with . or Enter, or press ? or * to list all spells.
Flames lash the orc.
The orc's fire resistance burns away.
An orc comes into view. It is wielding a +0 trident.
The orc barely misses you.
The orc closely misses you. x2 ๐Ÿ˜Ž HP[+3]
Your hp is fully restored (36).
Casting: Scorch (safe; 1% risk of failure)
Confirm with . or Enter, or press ? or * to list all spells.
Flames lash the orc.
The orc closely misses you.
The orc hits you with a +2 morningstar of protection.
The orc completely misses you. The orc misses you. ๐Ÿ˜• HP[-1]
You take 1 damage, and now have 35/36 hp.
Casting: Scorch (safe; 1% risk of failure)
Confirm with . or Enter, or press ? or * to list all spells.
Flames lash the orc.
You kill the orc!
Vehumet accepts your kill. The orc barely misses you. x2
The orc hits you from afar with a +0 trident.
The orc goes berserk!
The orc hits you with a +2 morningstar of protection!!
Ouch! That really hurt!
* * * LOW HITPOINT WARNING * * *
Your magical contamination has completely faded away. ๐Ÿ˜จ HP[-20]
You take 20 damage, and now have 15/36 hp.
MASSIVE DAMAGE!! (PAUSE)
Casting: Scorch (safe; 1% risk of failure)
Confirm with . or Enter, or press ? or * to list all spells.
Flames lash the orc.
You kill the orc!
Vehumet accepts your kill. The orc closely misses you.
The orc is no longer more vulnerable to fire.
The orc hits you with a +2 morningstar of protection!
* * * LOW HITPOINT WARNING * * *
The orc hits you with a +2 morningstar of protection!
You die...

Skill      XL: |  1  2  3  4  5  6  7 |
---------------+----------------------+-----
Conjurations   | 2 3 5 7 |  7.1
Fire Magic     | 4 5 6 |  6.7
Spellcasting   | 3 |  3.9
Dodging        | |  2.1
Stealth        | |  2.0

Action                   |  1- 3 |  4- 6 |  7- 9 || total
-------------------------+-------+-------+-------++-------
Melee: Dagger            |    12 |       |       ||    12
       Kick              |     4 |     1 |     3 ||     8
       Peck              |     1 |     2 |     1 ||     4
       Short sword       |       |     7 |    13 ||    20
 Cast: Foxfire           |    47 |    66 |    46 ||   159
       Scorch            |     5 |    38 |    23 ||    66
       Inner Flame       |       |     2 |       ||     2
  Use: Scroll            |     3 |     4 |     4 ||    11
       Potion            |       |     2 |       ||     2
Armor: Robe              |     4 |     6 |     5 ||    15
Dodge: Dodged            |    14 |    18 |    50 ||    82

Levels and vault maps discovered:
D:1:      dpeg_arrival_line_fractal, layout_loops_ring,
          minmay_misc_feat_secret_circle, minmay_misc_feat_cross,
          minmay_misc_feat_more_columns, skrybe_limestone_x,
          chequers_hall_statues_corner_a, amcnicky_mini_pool_small,
          minmay_liquid_box, reono_crystal_passage
D:2:      minmay_door_path, layout_loops_corners, basic_altar
D:3:      layout_basic, trog_book, nicolae_gozag_zags_fifth_avenue,
          gup_sewer_entry_spiral
D:4:      layout_loops_cross, minmay_temple_entry_slanted, uniq_robin
D:5:      layout_loops_ring
Temple:   nicolae_temple_slightly_damp_pantheon

Notes
Turn   | Place    | Note
-------+----------+-------------------------------------------
     0 | D:1      | kae the Tengu Fire Elementalist began the quest for the
                  | Orb.
     0 | D:1      | Reached XP level 1. HP: 10/10 MP: 4/4
     0 | D:1      | magus.rc [v1.11.3]
   258 | D:1      | Reached skill level 2 in Conjurations
   258 | D:1      | Reached XP level 2. HP: 15/15 MP: 4/6
   382 | D:1      | Learned a level 2 spell: Scorch
   668 | D:1      | Reached XP level 3. HP: 19/19 MP: 7/7
  1087 | D:2      | Learned a level 3 spell: Inner Flame
  1143 | D:2      | Found a sacrificial altar of Ru.
  1183 | D:2      | Reached skill level 4 in Fire Magic
  1483 | D:2      | Reached skill level 3 in Conjurations
  1483 | D:2      | Reached XP level 4. HP: 24/24 MP: 3/8
  2351 | D:2      | Gained mutation: Your magical nature lets you fly swiftly
                  | and evasively. [Tengu growth]
  2351 | D:2      | Reached XP level 5. HP: 28/28 MP: 6/10
  2479 | D:2      | Reached skill level 4 in Conjurations
  2698 | D:3      | Learned a level 3 spell: Kindle Blastsparks
  2789 | D:3      | Found Gozag's Platinum Reserve.
  2792 | D:3      | Found an opulent altar of Gozag.
  3328 | D:3      | You add the spells Ignite Poison and Freezing Cloud to your
                  | library.
  3338 | D:3      | Found a glowing drain.
  3342 | Sewer    | Entered a sewer
  3459 | Sewer    | Noticed a kobold brigand
  3460 | Sewer    | Noticed a kobold brigand
  3462 | Sewer    | Reached skill level 5 in Fire Magic
  3464 | Sewer    | Killed a kobold brigand
  3465 | Sewer    | Reached skill level 3 in Spellcasting
  3465 | Sewer    | Reached skill level 5 in Conjurations
  3465 | Sewer    | Reached XP level 6. HP: 32/32 MP: 6/11
  3583 | Sewer    | Found a white marble altar of Elyvilon.
  3799 | D:3      | Found a bloodstained altar of Trog.
  4397 | D:4      | Reached XP level 7. HP: 28/36 MP: 2/13
  4575 | D:4      | Reached skill level 6 in Conjurations
  4665 | D:4      | Noticed Robin
  4676 | D:4      | Killed Robin
  4677 | D:4      | Reached skill level 6 in Fire Magic
  4783 | D:4      | Found a staircase to the Ecumenical Temple.
  4797 | Temple   | Entered the Ecumenical Temple
  5016 | Temple   | Became a worshipper of Vehumet
  5047 | D:4      | You pick up a book of Frost and begin reading...
  5047 | D:4      | You add the spells Freeze, Frozen Ramparts and Hailstorm to
                  | your library.
  5082 | D:4      | Identified a scroll of acquirement
  5082 | D:4      | Acquired the amulet of Vitality {RegenMP++ Regen++}
  5082 | D:4      | Found the amulet of Vitality {RegenMP++ Regen++}
  5389 | D:5      | Entered Level 5 of the Dungeon
  5453 | D:5      | Learned a level 4 spell: Flame Wave
  5595 | D:4      | Reached skill level 7 in Conjurations
  5769 | D:5      | HP: 2/36 [orc/+2 morningstar of protection (16)]
  5769 | D:5      | Demolished by an orc

Vanquished Creatures
  2 kobold brigands (Sewer)
  A scorpion (D:4)
  3 hounds (D:5)
  2 orc priests
  3 iguanas
  4 orc wizards
  Robin (D:4)
  A gnoll (D:5)
  8 adders
  2 river rats (Sewer)
  An ufetubus (D:5)
  4 worms
  4 dart slugs
  20 orcs
  7 endoplasms
  A giant cockroach (D:1)
  12 goblins
  9 hobgoblins
  10 jackals
  4 quokkas
  6 ball pythons
  6 bats
  2 frilled lizards
  10 kobolds
  9 rats
132 creatures vanquished.

Vanquished Creatures (others)
  252 foxfires
252 creatures vanquished.

Grand Total: 384 creatures vanquished

Table legend:
 A = Non-vault XP
 B = Vault XP
 C = Vault XP percentage of total XP
 D = Non-vault monster count
 E = Vault monster count
 F = Vault count percentage of total count
                 A         B        C        D         E       F
            +---------+---------+-------+---------+---------+-------
      Total |     808 |     325 |  28.7 |      95 |      37 |  28.0
            +---------+---------+-------+---------+---------+-------
        D:1 |      46 |       0 |   0.0 |      23 |       0 |   0.0
        D:2 |     149 |      17 |  10.2 |      21 |       2 |   8.7
        D:3 |      78 |      30 |  27.8 |      14 |       5 |  26.3
        D:4 |     270 |      37 |  12.1 |      21 |      13 |  38.2
        D:5 |     265 |       0 |   0.0 |      16 |       0 |   0.0
      Sewer |       0 |     241 | 100.0 |       0 |      17 | 100.0
            +---------+---------+-------+---------+---------+-------

Illustrated notes

Table legend:
 A = Kills in this place as a percentage of kills in entire the game.
 B = Kills by you in this place as a percentage of kills by you in the entire game.
 C = Kills by friends in this place as a percentage of kills by friends in the entire game.
 D = Other kills in this place as a percentage of other kills in the entire game.
 E = Experience gained in this place as a percentage of experience gained in the entire game.
 F = Experience gained in this place divided by the number of levels of this place that you have seen.
                   A       B       C       D       E      F
               +-------+-------+-------+-------+-------+----------------------
         Total | 100.0 | 100.0 |   N/A |   N/A | 100.0 | 161.9
       Dungeon |  87.1 |  87.1 |   N/A |   N/A |  78.7 | 178.4
         Sewer |  12.9 |  12.9 |   N/A |   N/A |  21.3 | 241.0
               +-------+-------+-------+-------+-------+----------------------

Table legend: (Time is in decaauts)
 A = Elapsed time spent in this place.
 B = Non-inter-level travel time spent in this place.
 C = Inter-level travel time spent in this place.
 D = Time resting spent in this place.
 E = Time spent auto-exploring this place.
 F = Levels seen in this place.
 G = Mean time per level.
                   A        B        C        D        E       F      G
               +--------+--------+--------+--------+--------+-----+--------+
         Total |   5545 |   5362 |    183 |    569 |   3824 |   7 |  792.1 |
       Dungeon |   5067 |   4905 |    162 |    561 |   3452 |   5 | 1013.4 |
        Temple |    207 |    186 |     21 |      0 |    165 |   1 |  207.0 |
         Sewer |    270 |    270 |      0 |      8 |    206 |   1 |  270.0 |
               +--------+--------+--------+--------+--------+-----+--------+

Top non-repeatable levels by time:
     D:2: 1740 daAuts
     D:4: 1055 daAuts
     D:1: 1029 daAuts
     D:3: 1011 daAuts
   Sewer: 270 daAuts
     D:5: 231 daAuts
  Temple: 207 daAuts
